 Dungeon Crawl Stone Soup version 0.27-a0-1051-g288ea87c7c (webtiles) character file.

Game seed: 1284441579165180923

233 porpoise the Magician (level 6, 0/47 HPs)
             Began as a Djinni Venom Mage on Apr 21, 2021.
             Slain by an orc
             ... wielding a +0 flail
              (9 damage)
             ... on level 3 of the Dungeon.
             The game lasted 00:08:07 (4199 turns).

porpoise the Magician (Djinni Venom Mage)           Turns: 4199, Time: 00:08:09

Health: 0/47       AC:  2    Str:  7    XL:     6   Next: 4%
Gold:   78         EV: 12    Int: 19    God:
                   SH:  0    Dex: 13

rFire    + + .     SeeInvis .   a - +1 whip (venom)
rCold    x . .     Faith    .   (no shield)
rNeg     . . .     Spirit   .   d - +0 robe
rPois    ∞         Reflect  .   (no helmet)
rElec    .         Harm     .   (no cloak)
rCorr    .         Rampage  .   (no gloves)
Will     .....                  (boots unavailable)
Stlth    ++........             (no amulet)
HPRegen  0.15/turn              (no ring)
MPRegen  0.00/turn              (no ring)

@: flying
A: fire resistance 2, cold vulnerability 1, float, innate caster, hp casting,
extra vitality 1
a: no special abilities


You were on level 3 of the Dungeon.
You visited 1 branch of the dungeon, and saw 3 of its levels.

You collected 78 gold pieces.

Inventory:

Hand Weapons
 a - a +1 whip of venom (weapon)
 k - a +0 rapier
Missiles
 b - 80 stones
 c - 19 sling bullets
 g - 25 poisoned darts
 h - 27 bolts
Armour
 d - a +0 robe (worn)
Scrolls
 e - 4 scrolls of identify {unknown}
 f - a scroll of enchant armour {unknown}
 i - a scroll of amnesia {unknown}
Potions
 j - a potion of flight {unknown}


   Skills:
 + Level 3.8 Fighting
 - Level 2.1 Dodging
 - Level 1.5 Stealth
 + Level 4.3 Spellcasting


You couldn't memorise any spells.
You knew the following spells:

 Your Spells              Type           Power      Damage    Failure   Level
a - Sting                 Tmut/Pois      80%        1d7       2%          1
b - Animate Skeleton      Necr           40%        N/A       2%          1
c - Corpse Rot            Necr/Air       N/A        N/A       3%          2
i - Ignite Poison         Fire/Tmut/Pois 20%        N/A       7%          3
m - Mephitic Cloud        Conj/Pois/Air  20%        N/A       7%          3
o - Olgreb's Toxic Radia  Pois           20%        N/A       22%         4
v - Poisonous Vapours     Pois/Air       40%        N/A       3%          2
Your spell library was empty.

Dungeon Overview and Level Annotations

Branches:
Dungeon (3/15)

Altars:
Ru


Innate Abilities, Weirdness & Mutations

You are immune to poison.
Your flesh is very heat resistant. (rF++)
You are vulnerable to cold. (rC-)
You float through the air rather than walking.
You learn spells naturally, not from books.
Your magical power is your life essence.
You have superior vitality. (+4 HP)


Message History

You hit the orc wizard but do no damage.
The orc wizard looks as sick as possible!
The orc wizard is severely wounded.
The orc wizard barely misses you.
You closely miss the orc wizard.
The orc wizard is almost dead.
You kill the orc wizard!
The orc closely misses you.
You have reached level 6!
Your experience leads to an increase in your attributes!
Increase (S)trength, (I)ntelligence, or (D)exterity?
You feel clever.
Casting: Sting (safe; 2% risk of failure)
Confirm with . or Enter, or press ? or * to list all spells.
Aiming: Sting (safe; 2% risk of failure)
Press: ? - help, Shift-Dir - straight line, f - orc
Aim: an orc, wielding a +0 hand axe and wearing a +0 ring mail (79% to hit)
The sting hits the orc.
The orc is poisoned.
The orc is severely wounded.
* * * LOW HITPOINT WARNING * * *
The orc barely misses you.
Your magical contamination has completely faded away.
Casting: Sting (safe; 2% risk of failure)
Confirm with . or Enter, or press ? or * to list all spells.
Aiming: Sting (safe; 2% risk of failure)
Press: ? - help, Shift-Dir - straight line, f/p - orc
Aim: an orc, wielding a +0 hand axe and wearing a +0 ring mail (almost dead, poisoned, 79% to hit)
The sting hits the orc.
The orc looks even sicker.
You kill the orc!
* * * LOW HITPOINT WARNING * * *
Casting: Sting (safe; 2% risk of failure)
Confirm with . or Enter, or press ? or * to list all spells.
Aiming: Sting (safe; 2% risk of failure)
Press: ? - help, Shift-Dir - straight line, f - orc
Aim: an orc, wielding a +0 flail (76% to hit)
The sting hits the orc.
The orc is poisoned.
The orc is severely wounded.
* * * LOW HITPOINT WARNING * * *
The orc hits you with a +0 flail!
You die...

#........#############.##....
#........# #.#.....
#........# #.#.....
#........# #.#..<..
#........#############.#.....
+.......oo...................
#.......o###.#########.......
#........# #o# #.......
#.)......# #@# #....###
#.......[# #.# #....#
#........# #.# #....##
#........# #.#########.#...#
#........# #.##............#
#........# #.##.#####.###†.#
#........# #.##.# #......#
#.##.# #..###.# ..##.# #..#
..


You could see an orc (poisoned).

Vanquished Creatures
  A kobold brigand (D:2)
  A gnoll shaman (D:3)
  An orc wizard (D:3)
  4 gnolls (D:3)
  2 adders
  An ufetubus (D:2)
  A worm (D:2)
  A dart slug (D:2)
  An orc (D:3)
  5 ball pythons
  2 endoplasms
  A giant cockroach (D:3)
  A goblin (D:2)
  4 hobgoblins
  7 jackals
  3 quokkas
  2 bats (D:3)
  3 frilled lizards
  2 kobolds
  5 rats
48 creatures vanquished.

Vanquished Creatures (others)
  A plant (D:1)
1 creature vanquished.

Grand Total: 49 creatures vanquished

Notes
Turn   | Place    | Note
-------+----------+-------------------------------------------
     0 | D:1      | porpoise the Djinni Venom Mage began the quest for the Orb.
     0 | D:1      | Reached XP level 1. HP: 15/15 MP: 0/0
   281 | D:1      | Reached skill level 1 in Fighting
   281 | D:1      | Reached XP level 2. HP: 10/22 MP: 0/0
   302 | D:1      | Reached skill level 3 in Spellcasting
  1481 | D:1      | Found a faded altar of an unknown god.
  1895 | D:2      | Noticed a kobold brigand
  1910 | D:2      | Killed a kobold brigand
  1911 | D:2      | Reached XP level 3. HP: 11/29 MP: 0/0
  1911 | D:2      | Learned a level 1 spell: Animate Skeleton
  1911 | D:2      | Reached XP level 4. HP: 13/34 MP: 0/0
  2105 | D:2      | Found a sacrificial altar of Ru.
  3256 | D:2      | Reached XP level 5. HP: 39/40 MP: 0/0
  3256 | D:2      | Learned a level 2 spell: Corpse Rot
  3740 | D:3      | Reached skill level 4 in Spellcasting
  4197 | D:3      | Reached XP level 6. HP: 12/47 MP: 0/0
  4199 | D:3      | Slain by an orc

Illustrated notes

Levels and vault maps discovered:
D:1:      minmay_arrival_four_loops, layout_basic, serial_forest,
          infiniplex_forest_clump_medium, infiniplex_forest_fountain,
          infiniplex_forest_end_1, infiniplex_forest_3_way,
          infiniplex_forest_split, infiniplex_forest_fountain,
          chequers_ecumenical_altar_simple
D:2:      layout_basic, basic_altar
D:3:      layout_basic, minmay_misc_feat_roman, uniq_grinder

Skill      XL: |  1  2  3  4  5 |
---------------+----------------+-----
Fighting       | 1 2 3 |  3.8
Spellcasting   | 3 4 |  4.3
Dodging        | |  2.1
Stealth        | |  1.5

Action                   |  1- 3 |  4- 6 || total
-------------------------+-------+-------++-------
Melee: Unarmed           |     2 |       ||     2
       Whip              |     5 |    43 ||    48
 Cast: Sting             |    48 |    31 ||    79
       Poisonous Vapours |       |     3 ||     3
       Ignite Poison     |       |     2 ||     2
       Olgreb's Toxic Ra |       |     1 ||     1
Armor: Robe              |       |     7 ||     7
Dodge: Dodged            |    28 |    29 ||    57

Table legend: (Time is in decaauts)
 A = Elapsed time spent in this place.
 B = Non-inter-level travel time spent in this place.
 C = Inter-level travel time spent in this place.
 D = Time resting spent in this place.
 E = Time spent auto-exploring this place.
 F = Levels seen in this place.
 G = Mean time per level.
                   A        B        C        D        E       F      G
               +--------+--------+--------+--------+--------+-----+--------+
         Total |   4201 |   4136 |     65 |   2215 |   1587 |   3 | 1400.3 |
       Dungeon |   4201 |   4136 |     65 |   2215 |   1587 |   3 | 1400.3 |
               +--------+--------+--------+--------+--------+-----+--------+

Top non-repeatable levels by time:
     D:1: 1856 daAuts
     D:2: 1775 daAuts
     D:3: 569 daAuts
